 Dungeon Crawl Stone Soup version 0.23.2-33-g5129a83184 (webtiles) character file.

Game seed: 3777288711911730288

245 Felnil the Chopper (level 6, -8/53 HPs)
             Began as a Hill Orc Fighter on Aug 4, 2019.
             Was a Follower of Makhleb.
             Mangled by an ogre
             ... wielding a +0 giant club
              (20 damage)
             ... on level 4 of the Dungeon.
             The game lasted 00:11:20 (1911 turns).

Felnil the Chopper (Hill Orc Fighter)               Turns: 1911, Time: 00:11:21

Health: -8/53      AC:  7    Str: 21    XL:     6   Next: 10%
Magic:  6/6        EV:  8    Int:  8    God:    Makhleb [*.....]
Gold:   131        SH:  9    Dex: 10    Spells: 5/5 levels left

rFire    . . .     SeeInvis .   a - +1 war axe
rCold    . . .     Gourm    .   c - +0 shield
rNeg     . . .     Faith    +   b - +0 scale mail
rPois    .         Spirit   .   (no helmet)
rElec    .         Reflect  .   (no cloak)
rCorr    +         Harm     .   (no gloves)
MR       .....                  (no boots)
Stlth    ..........             i - amulet of faith
HPRegen  0.17/turn              l - ring of resist corrosion
MPRegen  0.10/turn              (no ring)

@: hasted, very quick
A: no striking features
a: Renounce Religion


You were on level 4 of the Dungeon.
You worshipped Makhleb.
Makhleb was aware of your devotion.
You were not hungry.

You visited 1 branch of the dungeon, and saw 3 of its levels.

You collected 131 gold pieces.

Inventory:

Hand Weapons
 a - a +1 war axe (weapon)
Armour
 b - a +0 scale mail (worn)
 c - a +0 shield (worn)
Jewellery
 g - an uncursed amulet of magic regeneration
 i - an amulet of faith (around neck)
 l - a ring of resist corrosion (left hand)
Scrolls
 o - a scroll of teleportation
Potions
 d - a potion of might
 k - a potion of brilliance
 m - a potion of haste
Comestibles
 f - 7 rations
 h - 2 chunks of flesh


   Skills:
 + Level 4.5 Fighting
 + Level 5.7 Axes
 + Level 4.3 Armour
 + Level 1.1 Dodging
 + Level 0.1 Stealth
 + Level 4.0 Shields


You had 5 spell levels left.
You didn't know any spells.
Your spell library was empty.

Dungeon Overview and Level Annotations

Branches:
Dungeon (2/15)

Altars:
Makhleb
Nemelex Xobeh
Okawaru
Uskayaw
Wu Jian
The Shining One


Message History

Makhleb accepts your kill.
You closely miss the jackal.
The ogre hits you with a +0 giant club!!
The jackal bites you but does no damage.
You block the jackal's attack. The ogre hits you with a +0 giant club!
* * * LOW HITPOINT WARNING * * *
Unknown command.
You are too injured to fight recklessly!
It was a potion of haste.
You feel yourself speed up. The jackal bites you.
* * * LOW HITPOINT WARNING * * *
You are too injured to fight recklessly!
You hit the jackal.
The jackal is heavily wounded.
The jackal bites you.
* * * LOW HITPOINT WARNING * * *
You hit the ogre.
The ogre is almost dead.
You closely miss the jackal. You block the jackal's attack.
The ogre hits you with a +0 giant club!!
You die...

.##....######
##........... ####.##
#.#.>....... #..####
#.#......... ##....#
#...?.......
####.#####...........
#....##...........
####.#............
####...............
####.@..............##
#...Oh##............#
#..%..†........|......#
..................
).................
#.................
.................
#..............
#..............


You could see an ogre and a jackal.

Vanquished Creatures
  A hound (D:4)
  An orc wizard (D:2)
  A centaur skeleton (D:4)
  2 iguanas (D:4)
  A hound skeleton (D:4)
  3 adders (D:2)
  An ooze (D:1)
  4 worms
  3 dart slugs
  A leopard gecko (D:1)
  A ball python (D:2)
  3 bats
  2 giant cockroaches (D:1)
  4 goblins
  2 hobgoblins
  7 jackals
  A quokka (D:2)
  3 frilled lizards
  A jackal skeleton (D:4)
  3 kobolds
  3 rats
48 creatures vanquished.

Notes
Turn   | Place    | Note
-------+----------+-------------------------------------------
     0 | D:1      | Felnil the Hill Orc Fighter began the quest for the Orb.
     0 | D:1      | Reached XP level 1. HP: 19/19 MP: 1/1
    49 | D:1      | Reached XP level 2. HP: 20/27 MP: 2/2
   172 | D:1      | Reached skill level 3 in Axes
   774 | D:2      | Reached XP level 3. HP: 32/33 MP: 3/3
   936 | D:2      | Found a glowing golden altar of the Shining One.
   937 | D:2      | Found a sparkling altar of Nemelex Xobeh.
   937 | D:2      | Found a burning altar of Makhleb.
   938 | D:2      | Found an iron altar of Okawaru.
   963 | D:2      | Became a worshipper of Makhleb the Destroyer
  1176 | D:2      | Reached XP level 4. HP: 37/40 MP: 4/4
  1188 | D:2      | Found a hide-covered altar of Uskayaw.
  1197 | D:2      | Reached skill level 4 in Axes
  1846 | D:2      | You fall through a shaft for 2 floors!
  1850 | D:4      | Reached skill level 1 in Dodging
  1850 | D:4      | Reached XP level 5. HP: 45/46 MP: 5/5
  1857 | D:4      | Reached * piety under Makhleb
  1857 | D:4      | Reached skill level 5 in Axes
  1879 | D:4      | Found an ornate altar of the Wu Jian Council.
  1899 | D:4      | Noticed an ogre
  1901 | D:4      | Reached XP level 6. HP: 46/53 MP: 6/6
  1911 | D:4      | Mangled by an ogre

Skill      XL: |  1  2  3  4  5 |
---------------+----------------+-----
Axes           | 3 4 5 |  5.7
Armour         | 4 |  4.3
Fighting       | 4 |  4.5
Dodging        | 1 |  1.1
Shields        | 4 |  4.0
Stealth        | |  0.1

Action                   |  1- 3 |  4- 6 || total
-------------------------+-------+-------++-------
Melee: War axe           |    87 |    54 ||   141
  Use: Scroll            |     6 |     2 ||     8
       Potion            |       |     2 ||     2
  Eat: Chunk             |     1 |     2 ||     3
Armor: Scale mail        |    40 |    26 ||    66
Dodge: Dodged            |    36 |    23 ||    59
Block: Shield            |    54 |    23 ||    77
